 Dungeon Crawl Stone Soup version 0.30.0-29-ga12c61a403 (webtiles) character file.

Game seed: 476863384053423608

163 BONEBRO the Caller (level 5, -2/41 HPs)
             Began as a Merfolk Summoner on June 25, 2023.
             Was an Initiate of the Shining One.
             Slain by Menkaure (15 damage)
             ... on level 4 of the Dungeon.
             The game lasted 00:09:48 (3143 turns).

BONEBRO the Caller (Merfolk Summoner)               Turns: 3143, Time: 00:09:49

Health: -2/41      AC:  4    Str: 11    XL:     5   Next: 44%
Magic:  7/8        EV: 13    Int: 14    God:    the Shining One [......]
Gold:   233        SH:  0    Dex: 14    Spells: 7/8 levels left

rFire   . . .        d - +0 rapier
rCold   . . .        (no shield)
rNeg    . . .        a - +0 robe
rPois   .            (no helmet)
rElec   .            o - +1 cloak
rCorr   .            (no gloves)
SInv    .            (no boots)
Will    .....        (no amulet)
Stlth   +            k - ring of wizardry
HPRegen 0.26/turn    (no ring)
MPRegen 0.11/turn

%: wizardry (x1)
@: glowing
A: (nimble swimmer 2), mertail
a: Renounce Religion


You were on level 4 of the Dungeon.
You worshipped the Shining One.
The Shining One was noncommittal.
You visited 2 branches of the dungeon, and saw 5 of its levels.

You collected 233 gold pieces.

Inventory:

Hand Weapons
 d - a +0 rapier (weapon)
 v - a +1 heavy hammer
Armour
 a - a +0 robe (worn)
 i - a +0 leather armour
 o - a +1 cloak (worn)
Jewellery
 k - a ring of wizardry (left hand)
Wands
 j - a wand of mindburst (12)
 q - a wand of iceblast (1)
Scrolls
 c - a scroll of vulnerability {unknown}
 g - a scroll of enchant armour {unknown}
 m - a scroll of noise {unknown}
 p - a scroll of teleportation {unknown}
 r - 2 scrolls of magic mapping {unknown}
 t - a scroll of immolation {unknown}
 u - a scroll of fear {unknown}
Potions
 b - 3 potions of magic
 e - a potion of heal wounds
 f - a potion of curing
 h - a potion of flight {unknown}
 l - a potion of cancellation {unknown}
 n - a potion of berserk rage
 s - a potion of attraction {unknown}


   Skills:
 + Level 3.2 Fighting
 - Level 1.0 Short Blades
 - Level 3.2 Dodging
 - Level 2.4 Stealth
 - Level 0.3 Unarmed Combat
 - Level 2.4 Spellcasting
 - Level 5.0 Summonings


You had 7 spell levels left.
You knew the following spells:

 Your Spells              Type           Power      Damage    Failure   Level
a - Summon Small Mammal   Summ           60%        N/A       1%          1

Your spell library contained the following spells:

 Spells                   Type           Power      Damage    Failure   Level
 Call Imp                 Summ           30%        N/A       1%          2
 Call Canine Familiar     Summ           15%        N/A       3%          3
 Summon Guardian Golem    Hex/Summ       8%         N/A       10%         3
 Cigotuvi's Dreadful Rot  Necr/Pois/Air  2%         N/A       14%         2
 Scorch                   Fire           2%         2d5       14%         2
 Dazzling Flash           Conj/Hex       2%         N/A       26%         3
 Gell's Gravitas          Tloc           1%         N/A       26%         3
 Ignite Poison            Fire/Tmut/Pois 1%         N/A       26%         3
 Teleport Other           Tloc           1%         N/A       26%         3
 Volatile Blastmotes      Fire/Tloc      2%         2d10      26%         3
 Summon Lightning Spire   Summ/Air       8%         N/A       32%         4
 Flame Wave               Conj/Fire      1%         2d4       63%         4
 Iskenderun's Mystic Bla  Conj/Tloc      1%         2d3       63%         4
 Summon Cactus Giant      Summ           7%         N/A       85%         6
 Freezing Cloud           Conj/Ice/Air   0%         6-21      91%         5
 Dispersal                Tloc           0%         N/A       100%        6
 Starburst                Conj/Fire      0%         6d3       100%        6


Dungeon Overview and Level Annotations

Branches:
Dungeon (4/15)             Temple (1/1) D:4

Altars:
Ashenzari
Cheibriados
Dithmenos
Elyvilon
Fedhas
Hepliaklqana
Makhleb
Okawaru
Qazlal
Ru
Sif Muna
Trog
Vehumet
Wu Jian
Xom
Yredelemnul
The Shining One

Annotations:
D:3 1 runed translucent door
D:4 Menkaure


Innate Abilities, Weirdness & Mutations

((You are very nimble when in or above water. (Stealth+, EV+, Speed+++)))
Your lower body shifts to a powerful aquatic tail in water.


Message History

You kill the giant cockroach!
No target in view!
You now have 233 gold pieces (gained 3).
Found a stone staircase leading up.
No target in view!
There is a stone staircase leading up here.
You pick up a Trismegistus Codex and begin reading...
You add the spells Cigotuvi's Dreadful Rot, Ignite Poison and Freezing Cloud to your library.
A worm comes into view.
A worm is nearby!
Menkaure, Prince of Dust comes into view.
Menkaure shouts!
The worm bites you!
You hit the worm.
The worm is moderately wounded.
Your bat hits the worm. You hit the worm.
The worm is heavily wounded.
Your bat hits the worm. x2
Menkaure blazes with dark energy!
The worm bites you.
You hit the worm.
The worm is severely wounded.
Your bat hits the worm but does no damage.
Your bat hits the worm. x2; The worm barely misses your bat.
You hit the worm.
You kill the worm!
Your bat hits Menkaure but does no damage.
Your quokka bites Menkaure.
Menkaure closely misses your quokka.
You swap places.
Your bat hits Menkaure. Menkaure hits you!!
You are too injured to fight recklessly!
You are too injured to fight recklessly!
You are too injured to fight recklessly!
You barely miss Menkaure.
Menkaure is lightly damaged.
Your bat barely misses Menkaure.
Menkaure hits you but does no damage.
You closely miss Menkaure.
Menkaure is lightly damaged.
Your bat barely misses Menkaure.
Menkaure hits you!
You die...

#.....#..<.#
#.....#.##.#
#########.......##.#
...#..........####.#
##....#.....######.#
##.#....#### #..r#
###.#.....######.###
......#.#......r..###
........########@.†.#
>.##.###.......M.##....#
.#...# .........# ....#
...### ......b... ...#
††.# #######..# ...#
...###### ...# ###
#.......## ###.#..
#....P.P.###...##.
#..###.##.##.#


You could see Menkaure (ally target), a friendly quokka (summoned) and a
friendly bat (summoned).

Vanquished Creatures
  Crazy Yiuf (D:3)
  An adder (D:2)
  2 worms
  An orc (D:3)
  2 ball pythons (D:1)
  2 bats (D:2)
  6 endoplasms
  3 giant cockroaches
  2 goblins
  2 hobgoblins
  9 jackals
  2 quokkas
  3 frilled lizards
  A goblin zombie (D:3)
  3 rats
40 creatures vanquished.

Vanquished Creatures (collateral kills)
  Ijyb (D:3)
  An adder (D:2)
  3 worms
  A dart slug (D:1)
  2 ball pythons
  3 bats
  An endoplasm (D:4)
  A giant cockroach (D:1)
  4 hobgoblins
  4 jackals
  3 kobolds
  A quokka (D:3)
25 creatures vanquished.

Grand Total: 65 creatures vanquished

Notes
Turn   | Place    | Note
-------+----------+-------------------------------------------
     0 | D:1      | BONEBRO the Merfolk Summoner began the quest for the Orb.
     0 | D:1      | Reached XP level 1. HP: 13/13 MP: 3/3
    63 | D:1      | Reached XP level 2. HP: 10/19 MP: 0/5
   541 | D:1      | Reached XP level 3. HP: 22/24 MP: 3/6
  1145 | D:2      | Reached skill level 1 in Short Blades
  1169 | D:2      | Reached XP level 4. HP: 28/31 MP: 7/7
  1256 | D:2      | Found a faded altar of an unknown god.
  1621 | D:3      | Noticed Ijyb
  1772 | D:3      | You fall into a shaft and drop 1 floor!
  1879 | D:3      | Found a bloodstained altar of Trog.
  1911 | D:3      | Reached skill level 5 in Summonings
  1934 | D:3      | Killed Ijyb
  1935 | D:3      | Reached skill level 1 in Fighting
  2090 | D:3      | Reached XP level 5. HP: 36/38 MP: 5/8
  2152 | D:3      | Noticed a human
  2180 | D:3      | Found a runed translucent door.
  2185 | D:3      | Found a basalt altar of Yredelemnul.
  2424 | D:3      | Found a sacrificial altar of Ru.
  2436 | D:3      | Found an ornate altar of the Wu Jian Council.
  2599 | D:3      | Found a runed translucent door.
  2600 | D:3      | Noticed Crazy Yiuf
  2626 | D:3      | Killed Crazy Yiuf
  2731 | D:4      | Found a staircase to the Ecumenical Temple.
  2741 | Temple   | Entered the Ecumenical Temple
  2871 | Temple   | Became a worshipper of the Shining One
  3136 | D:4      | Noticed Menkaure
  3143 | D:4      | Slain by Menkaure

Illustrated notes

Levels and vault maps discovered:
D:1:      scummos_arrival_forest, layout_rooms
D:2:      layout_basic, dreamdust_ecumenical_altar_hidden_monk_grotto,
          roderic_lattice_a, st_stairs_14
D:3:      layout_basic, nicolae_overflow_hidden_temple,
          overflow_temple_1_default, dk_yredelemnul_ordeal, serial_park_tiny_1,
          uniq_crazy_yiuf_cottage, uniq_ijyb
D:4:      layout_rooms, minmay_temple_entry_gardened_gates,
          nicolae_shop_self_help, uniq_menkaure
Temple:   nicolae_temple_figure_eight

Skill      XL: |  1  2  3  4  5 |
---------------+----------------+-----
Dodging        | 3 |  3.2
Short Blades   | 1 |  1.0
Summonings     | 5 |  5.0
Fighting       | 2 3 |  3.2
Stealth        | |  2.4
Unarmed Combat | |  0.3
Spellcasting   | |  2.4

Action                     |  1- 3 |  4- 6 || total
---------------------------+-------+-------++-------
  Melee: Unarmed           |    17 |       ||    17
         Rapier            |    68 |   109 ||   177
         Punch             |     1 |       ||     1
   Cast: Summon Small Mamm |    25 |    29 ||    54
    Use: Scroll            |       |     3 ||     3
         Potion            |       |     1 ||     1
   Stab: Distracted        |     2 |       ||     2
         Sleeping          |     2 |     1 ||     3
 Armour: Robe              |    18 |    32 ||    50
  Dodge: Dodged            |    69 |    91 ||   160
